 Dungeon Crawl Stone Soup version 0.30-a0-154-gb106f4c828 (webtiles) character file.

Game seed: 12982866494245146721

35 Decritt the Digger (level 3, -2/20 HPs)
             Began as a Gargoyle Earth Elementalist on Sept 27, 2022.
             Slain by Terence
             ... wielding a +0 flail
              (6 damage)
             ... on level 2 of the Dungeon.
             The game lasted 00:02:06 (927 turns).

Decritt the Digger (Gargoyle Earth Elementalist)     Turns: 927, Time: 00:02:07

Health: -2/20      AC:  6    Str: 11    XL:     3   Next: 33%
Magic:  5/6        EV: 12    Int: 17    God:
Gold:   58         SH:  0    Dex: 10    Spells: 5/6 levels left

rFire   . . .      SeeInvis .    c - +0 sling
rCold   . . .      Faith    .    (no shield)
rNeg    + . .      Spirit   .    a - +0 robe
rPois   ∞          Reflect  .    (no helmet)
rElec   +          Harm     .    (no cloak)
rCorr   .          Rampage  .    i - +0 pair of gloves
Will    .....                    (no boots)
Stlth   ++........               (no amulet)
HPRegen 0.06/turn                (no ring)
MPRegen 0.10/turn                (no ring)

@: no status effects
A: sickness immunity, AC +3, negative energy resistance 1, electricity
resistance, torment resistance 1, petrification resistance
a: no special abilities


You were on level 2 of the Dungeon.
You visited 1 branch of the dungeon, and saw 2 of its levels.

You collected 58 gold pieces.

Inventory:

Hand Weapons
 c - a +0 sling (weapon)
Armour
 a - a +0 robe (worn)
 i - a +0 pair of gloves (worn)
Scrolls
 e - a scroll of torment {unknown}
 f - a scroll of fear {unknown}
 h - a scroll of poison {unknown}
Potions
 b - a potion of magic
 d - 2 potions of cancellation {unknown}
 g - a potion of attraction {unknown}
 j - a potion of curing {unknown}


   Skills:
 + Level 1.0 Fighting
 + Level 1.0 Armour
 + Level 1.8 Dodging
 - Level 2.1 Stealth
 + Level 2.2 Spellcasting
 + Level 1.0 Conjurations
 - Level 0.7 Transmutations
 + Level 4.0 Earth Magic


You had 5 spell levels left.
You knew the following spells:

 Your Spells              Type           Power      Damage    Failure   Level
a - Sandblast             Erth           30%        2d9       3%          1

Your spell library contained the following spells:

 Spells                   Type           Power      Damage    Failure   Level
 Passwall                 Tmut/Erth      8%         N/A       11%         2
 Stone Arrow              Conj/Erth      20%        3d8       21%         3
 Petrify                  Tmut/Erth      10%        N/A       56%         4


Dungeon Overview and Level Annotations

Branches:
Dungeon (2/15)

Altars:

Annotations:
D:2 Terence


Innate Abilities, Weirdness & Mutations

You are immune to sickness and miasma.
Your stone body is resilient. (AC +3)
You are immune to poison.
You resist negative energy. (rN+)
You are resistant to electric shocks. (rElec)
You are resistant to unholy torment.
You are immune to petrification.


Message History

* * * LOW HITPOINT WARNING * * *
Terence closely misses you.
Casting: Sandblast (safe; 3% risk of failure)
Confirm with . or Enter, or press ? or * to list all spells.
Aiming: Sandblast (safe; 3% risk of failure)
Press: ? - help, Shift-Dir - straight line, f/p - Terence
Aim: Terence, wielding a +0 flail and wearing a +0 scale mail of fire resistance (severely wounded, 84% to hit)
The blast of sand hits Terence but does no damage.
Terence is severely wounded.
Terence hits you with a +0 flail.
* * * LOW HITPOINT WARNING * * *
Magic courses through your body. Terence barely misses you.
Casting: Sandblast (safe; 3% risk of failure)
Confirm with . or Enter, or press ? or * to list all spells.
Aiming: Sandblast (safe; 3% risk of failure)
Press: ? - help, Shift-Dir - straight line, f/p - Terence
Aim: Terence, wielding a +0 flail and wearing a +0 scale mail of fire resistance (severely wounded, 84% to hit)
The blast of sand hits Terence but does no damage.
Terence is severely wounded.
Terence hits you with a +0 flail.
* * * LOW HITPOINT WARNING * * *
Terence hits you with a +0 flail.
* * * LOW HITPOINT WARNING * * *
Casting: Sandblast (safe; 3% risk of failure)
Confirm with . or Enter, or press ? or * to list all spells.
Aiming: Sandblast (safe; 3% risk of failure)
Press: ? - help, Shift-Dir - straight line, f/p - Terence
Aim: Terence, wielding a +0 flail and wearing a +0 scale mail of fire resistance (severely wounded, 84% to hit)
The blast of sand hits Terence but does no damage.
Terence is severely wounded.
Terence closely misses you.
Unknown command.
Fire: c) +0 sling
Press: ? - help, Q - select action, (/) - cycle Shift-Dir - straight line, f/p - Terence
Aim: Terence, wielding a +0 flail and wearing a +0 scale mail of fire resistance (severely wounded, 54% to hit)
You shoot a sling bullet.
The sling bullet hits Terence but does no damage.
Terence is severely wounded.
Terence hits you with a +0 flail.
You die...

#........#......##
#....@...#......+.
.######........#......##
......#.## #......##
#.....# #........
#.....# #........
#...†.# #.....† ##.#@##
#...... #.#####.#@#
##.....# ..........#
#....... ..#####.###
#.###.#. #.# #.###...
#.# #.##.#.# #.###
#....... #...# #.##..#.
###.### #.#..#.. #...#
###.##.#


You could see Terence.

Vanquished Creatures
  2 adders (D:2)
  An endoplasm (D:1)
  A giant cockroach (D:1)
  2 goblins
  2 hobgoblins (D:1)
  A quokka (D:1)
  A ball python (D:1)
  3 bats
  A kobold (D:2)
  2 rats (D:1)
16 creatures vanquished.

Vanquished Creatures (others)
  A ghoul (D:1)
  A demonspawn (D:1)
  A draconian (D:1)
  2 merfolk (D:1)
  2 vampires (D:1)
  A felid (D:1)
  2 mummies (D:1)
  An orc (D:1)
  A kobold (D:1)
  13 tentacles (D:1)
25 creatures vanquished.

Grand Total: 41 creatures vanquished

Notes
Turn   | Place    | Note
-------+----------+-------------------------------------------
     0 | D:1      | Decritt the Gargoyle Earth Elementalist began the quest for
                  | the Orb.
     0 | D:1      | Reached XP level 1. HP: 10/10 MP: 3/3
     0 | D:1      | Noticed a felid
     0 | D:1      | Noticed a demonspawn
     0 | D:1      | Noticed a merfolk
     0 | D:1      | Noticed a vampire
     0 | D:1      | Noticed a kraken
     0 | D:1      | Noticed a draconian
     0 | D:1      | Noticed a merfolk
     0 | D:1      | Noticed a vampire
     0 | D:1      | Noticed a ghoul
    11 | D:1      | Killed a demonspawn
    12 | D:1      | Killed a felid
    18 | D:1      | Killed a draconian
    18 | D:1      | Killed a vampire
    19 | D:1      | Killed a merfolk
    19 | D:1      | Killed a merfolk
    19 | D:1      | Killed a vampire
    24 | D:1      | Killed a ghoul
   240 | D:1      | Reached XP level 2. HP: 16/16 MP: 5/5
   334 | D:1      | Found a faded altar of an unknown god.
   567 | D:2      | Reached skill level 4 in Earth Magic
   587 | D:2      | Reached XP level 3. HP: 17/20 MP: 6/6
   905 | D:2      | Noticed Terence
   913 | D:2      | Reached skill level 1 in Fighting
   913 | D:2      | Reached skill level 1 in Armour
   913 | D:2      | Reached skill level 1 in Conjurations
   927 | D:2      | Slain by Terence

Illustrated notes

Levels and vault maps discovered:
D:1:      nicolae_arrival_kraken_aquarium_a, layout_rooms,
          hellmonk_ecumenical_altar_arch_garden
D:2:      layout_basic, hex_large, uniq_terence

Skill      XL: |  1  2  3 |
---------------+----------+-----
Earth Magic    | 4 |  4.0
Fighting       | 1 |  1.0
Armour         | 1 |  1.0
Conjurations   | 1 |  1.0
Dodging        | |  1.8
Stealth        | |  2.1
Spellcasting   | |  2.2
Transmutations | |  0.7

Action                   || total
-------------------------++-------
 Fire: Sling             ||    64
 Cast: Sandblast         ||    17
  Use: Potion            ||     1
Armor: Robe              ||    10
Dodge: Dodged            ||    31

Table legend: (Time is in decaauts)
 A = Elapsed time spent in this place.
 B = Non-inter-level travel time spent in this place.
 C = Inter-level travel time spent in this place.
 D = Time resting spent in this place.
 E = Time spent auto-exploring this place.
 F = Levels seen in this place.
 G = Mean time per level.
                   A        B        C        D        E       F      G
               +--------+--------+--------+--------+--------+-----+--------+
         Total |    959 |    932 |     27 |      0 |    727 |   2 |  479.5 |
       Dungeon |    959 |    932 |     27 |      0 |    727 |   2 |  479.5 |
               +--------+--------+--------+--------+--------+-----+--------+

Top non-repeatable levels by time:
     D:1: 504 daAuts
     D:2: 455 daAuts
